 Dungeon Crawl Stone Soup version 0.28.0-53-g5a82cb258f (webtiles) character file.

Game seed: 16089013917561583708

73 Zeld the Skirmisher (level 4, -2/41 HPs)
             Began as a Minotaur Berserker on May 29, 2022.
             Was a Believer of Trog.
             Slain by Sigmund
             ... wielding a +3 vorpal scythe
              (11 damage)
             ... on level 3 of the Dungeon.
             The game lasted 00:01:42 (1969 turns).

Zeld the Skirmisher (Minotaur Berserker)            Turns: 1969, Time: 00:01:42

Health: -2/41      AC:  2    Str: 23    XL:     4   Next: 8%
Magic:  3/3        EV: 12    Int:  4    God:    Trog [**....]
Gold:   147        SH:  0    Dex: 10    Spells: 3/3 levels left

rFire   . . .      SeeInvis .   h - +2 whip (drain)
rCold   . . .      Faith    .   (no shield)
rNeg    . . .      Spirit   .   b - +0 animal skin
rPois   .          Reflect  .   (helmet restricted)
rElec   .          Harm     .   (no cloak)
rCorr   .          Rampage  .   (no gloves)
Will    .....                   (no boots)
Stlth   +.........              (no amulet)
HPRegen 0.13/turn               (no ring)
MPRegen 0.08/turn               (no ring)

@: confused
A: horns 2, retaliatory headbutt
a: Renounce Religion, Berserk, Trog's Hand


You were on level 3 of the Dungeon.
You worshipped Trog.
Trog was pleased with you.
You visited 1 branch of the dungeon, and saw 3 of its levels.

You collected 147 gold pieces.

Inventory:

Hand Weapons
 a - a +0 hand axe
 h - a +2 whip of draining (weapon)
Armour
 b - a +0 animal skin (worn)
Scrolls
 c - 6 scrolls of identify {unknown}
Potions
 d - a potion of haste {unknown}
 e - a potion of brilliance {unknown}
 f - a potion of lignification {unknown}
 g - a potion of heal wounds {unknown}


   Skills:
 * Level 4.7 Fighting
 * Level 4.7 Axes
 - Level 2.4 Armour
 + Level 2.9 Dodging


You had 3 spell levels left.
You didn't know any spells.
Your spell library was empty.

Dungeon Overview and Level Annotations

Branches:
Dungeon (3/15)

Altars:

Annotations:
D:3 Sigmund


Innate Abilities, Weirdness & Mutations

You have a pair of horns on your head.
You reflexively headbutt those who attack you in melee.


Message History

You hit the endoplasm. You drain the endoplasm.
You kill the endoplasm!
Trog accepts your kill.
No target in view!
c - 6 scrolls labelled ZIOXYI UN KEBB (gained 1)
You open the door.
There is an open door here.
You open the door.
There is an open door here.
There is an open door here.
There is an open door here.
Found a stone staircase leading up.
Sigmund the Dreaded comes into view.
He is wielding a +3 vorpal scythe.
Found a scroll labelled ZIOXYI UN KEBB and 2 fuming sapphire potions.
Sigmund is nearby!
Sigmund shouts!
Sigmund hits you with a +3 vorpal scythe!
You see here a scroll labelled ZIOXYI UN KEBB.
Sigmund is nearby!
You hit Sigmund. You drain Sigmund.
Sigmund is moderately wounded.
You hit Sigmund. Your headbutt misses Sigmund.
Sigmund is moderately wounded.
Sigmund gestures at you while chanting. The magic dart hits you!
You are too injured to fight recklessly!
You are too injured to fight recklessly!
You are too injured to fight recklessly!
You are too injured to fight recklessly!
You hit Sigmund. You drain Sigmund.
Sigmund is heavily wounded.
Sigmund gestures at you while chanting.
You are confused.
Sigmund hits you from afar with a +3 vorpal scythe!
* * * LOW HITPOINT WARNING * * *
x2 You bump into the rock wall.
Sigmund closely misses you.
Okay, then.
You bump into the rock wall.
Sigmund hits you with a +3 vorpal scythe!
You die...

#.# #.##.# ##'##
#.##.# ....# #.##.#
....###########!##.#
....'........##.##.#
....########.##.##.#
.............##?##.#
....###########@##.##
....# #.@...# ....#
#.##### ....# ###
....# ##.## #.# #.#
#.# #.#


You could see Sigmund (drained).

Vanquished Creatures
  Terence (D:2)
  A worm (D:3)
  2 dart slugs (D:1)
  2 ball pythons
  A bat (D:2)
  6 endoplasms
  2 giant cockroaches (D:1)
  4 hobgoblins
  6 kobolds
  3 quokkas
  3 frilled lizards (D:1)
  5 goblins
  2 rats
38 creatures vanquished.

Notes
Turn   | Place    | Note
-------+----------+-------------------------------------------
     0 | D:1      | Zeld the Minotaur Berserker began the quest for the Orb.
     0 | D:1      | Reached XP level 1. HP: 19/19 MP: 0/0
   196 | D:1      | Reached XP level 2. HP: 27/27 MP: 1/1
   935 | D:2      | Noticed Terence
   941 | D:2      | Killed Terence
   942 | D:2      | Reached XP level 3. HP: 30/34 MP: 2/2
  1052 | D:2      | Reached ** piety under Trog
  1780 | D:3      | Reached XP level 4. HP: 39/41 MP: 3/3
  1958 | D:3      | Noticed Sigmund
  1969 | D:3      | Slain by Sigmund

Illustrated notes

Levels and vault maps discovered:
D:1:      giann_horns, layout_loops_ring
D:2:      layout_basic, kennysheep_generic_room_7, uniq_terence
D:3:      layout_basic, minmay_splitting_lines, uniq_ijyb, uniq_sigmund,
          uniq_robin

Skill      XL: |  1  2 |
---------------+-------+-----
Fighting       | 4 |  4.7
Axes           | 4 |  4.7
Armour         | |  2.4
Dodging        | |  2.9

Action                   |  1- 3 |  4- 6 || total
-------------------------+-------+-------++-------
Melee: Hand axe          |    72 |       ||    72
       Headbutt          |    11 |       ||    11
       Whip              |     2 |     6 ||     8
 Stab: Sleeping          |     1 |       ||     1
Armor: Animal skin       |     8 |       ||     8
Dodge: Dodged            |    45 |     1 ||    46
